 Dungeon Crawl Stone Soup version 0.22.1 (webtiles) character file.

384 MalarOregon the Firebug (level 6, -1/52 HPs)
             Began as a Hill Orc Fire Elementalist on Sept 18, 2018.
             Slain by an elf zombie (8 damage)
             ... in an ossuary.
             The game lasted 00:12:48 (3668 turns).

MalarOregon the Firebug (HOFE)                      Turns: 3668, Time: 00:12:49

Health: -1/52      AC:  5    Str: 11    XL:     6   Next: 77%
Magic:  0/8        EV: 13    Int: 17    God:
Gold:   149        SH:  0    Dex: 11    Spells: 7/8 levels left

rFire    . . .     SeeInvis .   c - +0 whip
rCold    . . .     Gourm    .   (no shield)
rNeg     . . .     Faith    .   a - +1 robe
rPois    .         Spirit   .   (no helmet)
rElec    .         Reflect  .   (no cloak)
rCorr    .         Harm     .   w - +1 pair of gloves
MR       .....                  (no boots)
Stlth    ++........             (no amulet)
HPRegen  0.17/turn              (no ring)
MPRegen  0.11/turn              (no ring)

@: very slightly contaminated, hasted, invisible, very quick
A: no striking features
a: no special abilities


You were in an ossuary.
You were hungry.

You visited 1 branch of the dungeon, and saw 4 of its levels.
You also visited: Ossuary.

You collected 149 gold pieces.

Inventory:

Hand Weapons
 c - a +0 whip (weapon)
   (You took it off a kobold on level 1 of the Dungeon)
Armour
 a - a +1 robe (worn)
 w - a +1 pair of gloves (worn)
   (You found it on level 4 of the Dungeon)
Wands
 u - a wand of polymorph (18)
   (You found it on level 3 of the Dungeon)
Scrolls
 s - a scroll of noise {!r}
 t - a scroll of enchant armour
Potions
 l - a potion of haste {@q3}
 n - a potion of degeneration {!q}
Comestibles
 e - 5 rations {!d}


   Skills:
 + Level 3.7 Fighting
 + Level 3.1 Dodging
 - Level 1.5 Stealth
 - Level 1.5 Spellcasting
 + Level 3.3 Conjurations
 + Level 4.9 Fire Magic


You had 7 spell levels left.
You knew the following spells:

 Your Spells              Type           Power        Failure   Level  Hunger
a - Flame Tongue          Conj/Fire      ###..        3%          1    ##.....

Your spell library contained the following spells:

 Spells                   Type           Power        Failure   Level  Hunger
 Throw Flame              Conj/Fire      ###...       5%          2    ###....
 Conjure Flame            Conj/Fire      ###.....     11%         3    ####...
 Inner Flame              Hex/Fire       #.......     22%         3    ####...
 Sticky Flame             Conj/Fire      ###.....     36%         4    #####..
 Fireball                 Conj/Fire      ###.......   71%         5    ######.


Dungeon Overview and Level Annotations

Branches:
Dungeon (4/15)
 Temple: D:4-7

Altars:
Ashenzari

Annotations:
D:4 Pikel


Message History

The flame tongue hits the elf zombie.
Aim: an elf zombie (lightly damaged)
The flame tongue hits the elf zombie.
The elf zombie hits you but does no damage.
Aim: an elf zombie (moderately damaged)
The flame tongue hits the elf zombie.
The elf zombie hits you.
Aim: an elf zombie (moderately damaged)
The flame tongue misses the elf zombie.
The elf zombie hits you.
Aim: an elf zombie (moderately damaged)
The flame tongue hits the elf zombie.
The elf zombie misses you.
Aim: an elf zombie (moderately damaged)
The flame tongue hits the elf zombie.
Aim: an elf zombie (heavily damaged)
The flame tongue hits the elf zombie.
The elf zombie hits you!
You barely miss the elf zombie. The elf zombie barely misses you.
Your magical contamination has completely faded away.
You closely miss the elf zombie. The elf zombie hits you.
* * * LOW HITPOINT WARNING * * *
You hit the elf zombie. The elf zombie hits you!
* * * LOW HITPOINT WARNING * * *
You hit the elf zombie. The elf zombie hits you.
* * * LOW HITPOINT WARNING * * *
You barely miss the elf zombie. The elf zombie hits you.
* * * LOW HITPOINT WARNING * * *
You hit the elf zombie. The elf zombie hits you.
* * * LOW HITPOINT WARNING * * *
Aim: an elf zombie (severely damaged)
The flame tongue hits the elf zombie.
You hit the elf zombie. The elf zombie hits you.
* * * LOW HITPOINT WARNING * * *
You fade into invisibility!
The elf zombie hits you.
* * * LOW HITPOINT WARNING * * *
You are very lightly contaminated with residual magic.
You feel better.
The elf zombie hits you but does no damage.
Okay, then.
You closely miss the elf zombie. The elf zombie hits you.
* * * LOW HITPOINT WARNING * * *
You barely miss the elf zombie. The elf zombie closely misses you.
Aim: an elf zombie (severely damaged)
The flame tongue hits the elf zombie.
You hit the elf zombie but do no damage.
The elf zombie hits you.
* * * LOW HITPOINT WARNING * * *
You feel better.
You feel yourself speed up. The elf zombie barely misses you.
You catch the helpless elf zombie completely off-guard!
You hit the elf zombie. The elf zombie hits you!
You die...

#..#..#.#...#
#.####..####.#...#
#............#...#
#.####.......#...#
#.......#...#
#.......#...#
######.∩.....#...#
#....Z...+####...#
#.####@..# #...#
#...# #...#
##############...#
.................#
......∩∩.........#
##################


You could see an elf zombie.

Vanquished Creatures
  A slave (D:3)
  3 elf zombies (Ossuary)
  A big kobold zombie (Ossuary)
  2 mummies (Ossuary)
  5 adders
  An adder zombie (Ossuary)
  2 worms (D:2)
  3 dart slugs
  2 orcs
  A ball python (D:3)
  6 giant cockroaches
  9 hobgoblins
  7 jackals (D:3)
  A quokka (D:3)
  5 bats
  A frilled lizard (D:2)
  9 goblins
  7 hobgoblin zombies (Ossuary)
  2 jackal zombies (Ossuary)
  4 kobolds
  10 kobold zombies (Ossuary)
  11 orc zombies (Ossuary)
  A quokka skeleton (D:4)
  3 rats
97 creatures vanquished.

Notes
Turn   | Place    | Note
-------+----------+-------------------------------------------
     0 | D:1      | MalarOregon the Hill Orc Fire Elementalist began the quest
                  | for the Orb.
     0 | D:1      | Reached XP level 1. HP: 14/14 MP: 3/3
   267 | D:1      | Reached XP level 2. HP: 22/22 MP: 2/4
   341 | D:1      | Reached skill level 1 in Fighting
   835 | D:2      | Reached XP level 3. HP: 28/28 MP: 2/5
  1176 | D:2      | Reached XP level 4. HP: 25/36 MP: 2/6
  1878 | D:3      | Reached skill level 4 in Fire Magic
  2136 | D:3      | Found a shattered altar of Ashenzari.
  2559 | D:4      | Reached XP level 5. HP: 42/42 MP: 1/7
  2593 | D:4      | Noticed Pikel
  2608 | D:4      | Noticed a slave
  2609 | D:4      | Noticed a slave
  2609 | D:4      | Noticed a slave
  2625 | D:4      | Noticed a slave
  2668 | D:3      | Killed a slave
  2967 | D:4      | Found a sand-covered staircase.
  2974 | Ossuary  | Entered an ossuary
  3325 | Ossuary  | Reached XP level 6. HP: 38/51 MP: 1/8
  3665 | Ossuary  | HP: 1/52 [elf zombie (5)]
  3668 | Ossuary  | Slain by an elf zombie

Skill      XL: |  1  2  3  4  5  6 |
---------------+-------------------+-----
Fighting       | 1 2 3 |  3.7
Dodging        | 2 3 |  3.1
Conjurations   | 2 3 |  3.3
Fire Magic     | 4 |  4.9
Stealth        | |  1.5
Spellcasting   | |  1.5

Action                   |  1- 3 |  4- 6 || total
-------------------------+-------+-------++-------
Melee: Whip              |    54 |   185 ||   239
 Cast: Flame Tongue      |    51 |   125 ||   176
  Use: Scroll            |       |    16 ||    16
       Potion            |       |    11 ||    11
 Stab: Sleeping          |     1 |     1 ||     2
       Invisible         |       |     1 ||     1
  Eat: Chunk             |     2 |     7 ||     9
       Ration            |       |     1 ||     1
Armor: Robe              |    13 |    49 ||    62
       Skin              |       |    64 ||    64
Dodge: Dodged            |    47 |   160 ||   207
